 Dungeon Crawl Stone Soup version 0.30-a0-23-ge60ba3568b (webtiles) character file.

Game seed: 15551582449861170810

14192 freelancePsychic the Grappler (level 11, -1/115 HPs)
             Began as a Troll Wanderer on Aug 25, 2022.
             Was an Elder of Okawaru.
             Slain by an orc high priest
             ... wielding a +0 flail
              (5 damage)
             ... in the Arena.
             The game lasted 00:24:37 (9691 turns).

freelancePsychic the Grappler (Troll Wanderer)      Turns: 9691, Time: 00:24:37

Health: -1/115     AC:  0    Str: 22    XL:     11   Next: 85%
Magic:  6/14       EV: 13    Int: 14    God:    Okawaru [****..]
Gold:   695        SH:  0    Dex: 13    Spells: 10/10 levels left

rFire   + . .      SeeInvis .      - Unarmed
rCold   . . .      Faith    .    (no shield)
rNeg    . . .      Spirit   .    d - +1 robe {rF+}
rPois   .          Reflect  .    (helmet restricted)
rElec   .          Harm     .    h - +0 cloak
rCorr   .          Rampage  .    (gloves unavailable)
Will    .....                    (boots unavailable)
Stlth   +++.......               l - amulet of regeneration
HPRegen 1.89/turn                k - +6 ring of intelligence
MPRegen 0.14/turn                (no ring)

@: heroic, corroded, duelling
A: large, unfitting armour, claws 3, regeneration 1, shaggy fur 1, tough skin 1
a: Renounce Religion, Heroism, Finesse


You were in the Arena.
You worshipped Okawaru.
Okawaru was greatly pleased with you.
You visited 2 branches of the dungeon, and saw 12 of its levels.

You collected 695 gold pieces.

Inventory:

Missiles
 b - a silver javelin (quivered)
 g - 2 throwing nets
 i - 70 stones
 j - 17 poisoned darts
 r - 4 curare-tipped darts
 F - 6 boomerangs
Armour
 d - a +1 robe of fire resistance (worn)
 e - a +0 robe
 h - a +0 cloak (worn)
Jewellery
 k - a +6 ring of intelligence (left claw)
 l - an amulet of regeneration (around neck)
 o - the ring of Ecwuffe {rN+ Int+3}
   (You found it on level 7 of the Dungeon)

   [ring of positive energy]

   Int:       It affects your intelligence (+3).
   rN:        It protects you from negative energy.
Wands
 c - a wand of polymorph (27)
 n - a wand of flame (24)
 E - a wand of quicksilver (2)
 H - a wand of mindburst (14)
Scrolls
 u - a scroll of vulnerability
 v - 3 scrolls of teleportation {@r4}
 I - a scroll of fear {unknown}
 J - a scroll of poison
Potions
 a - 4 potions of degeneration
 f - a potion of resistance {unknown}
 m - 4 potions of lignification
 p - 3 potions of curing {@q1}
 w - a potion of might
 z - 3 potions of mutation
 A - a potion of brilliance
 B - a potion of haste {@q3}
 C - 4 potions of cancellation {unknown}
 D - 4 potions of flight {unknown}
 G - a potion of invisibility {unknown}


   Skills:
 * Level 9.6(14.6) Fighting
 - Level 3.6(8.6) Maces & Flails
 - Level 1.0(6.0) Polearms
 + Level 6.3(11.3) Throwing
 + Level 3.2(8.2) Armour
 - Level 3.2(8.2) Dodging
 * Level 11.3(16.3) Unarmed Combat
 - Level 6.0 Invocations
 - Level 1.3 Evocations


You had 10 spell levels left.
You didn't know any spells.
Your spell library contained the following spells:

 Spells                   Type           Power      Damage    Failure   Level
 Apportation              Tloc           0%         N/A       28%         1
 Magic Dart               Conj           0%         1d3       28%         1
 Necrotise                Necr           0%         1d4       28%         1
 Gell's Gravitas          Tloc           0%         N/A       65%         3
 Mephitic Cloud           Conj/Pois/Air  0%         N/A       65%         3
 Teleport Other           Tloc           0%         N/A       65%         3
 Passage of Golubria      Tloc           0%         N/A       96%         4
 Blade Hands              Tmut           0%         N/A       100%        5
 Yara's Violent Unravell  Hex/Tmut       0%         3d3       100%        5
 Dispersal                Tloc           0%         N/A       100%        6
 Iron Shot                Conj/Erth      0%         9d1       100%        6
 Summon Small Mammal      Summ           Unusable   N/A       N/A         1
 Call Imp                 Summ           Unusable   N/A       N/A         2
 Tukima's Dance           Hex            Unusable   N/A       N/A         3
 Animate Armour           Summ/Erth      Unusable   N/A       N/A         4

Dungeon Overview and Level Annotations

Branches:
Dungeon (10/15)            Temple (0/1) D:6             Orc (2/2) D:10
    Elf (0/3) Orc:2
   Lair: D:8-11

Altars:
Cheibriados
Hepliaklqana
Nemelex Xobeh
Okawaru
Sif Muna
Uskayaw
Vehumet
Xom
The Shining One

Shops:
D:9 [

Annotations:
D:3 1 runed translucent door, Crazy Yiuf


Innate Abilities, Weirdness & Mutations

You are too large for most types of armour.
You have claws for hands.
Your natural rate of healing is unusually fast.
You are covered in fur. (AC +1)
You have tough skin. (AC +1)


Message History

You barely miss the orc high priest.
The orc high priest is lightly wounded.
The orc high priest hits you with a +0 flail.
You completely miss the orc high priest.
You claw the orc high priest.
The orc high priest is moderately wounded.
The ynoxinul gestures.
The spectator, chosen of Okawaru, glows resplendent with favour.
The orc high priest barely misses you.
You closely miss the orc high priest.
The orc high priest is moderately wounded.
The rust devil hits you. The rust devil corrodes you!
The spectator cheers loudly.
The ufetubus hits you. x2
The spectator waves a pennant, rooting for your enemy!
You gain the combat prowess of a mighty hero.
The orc high priest barely misses you. The ufetubus completely misses you.
The ufetubus hits you but does no damage.
The rust devil hits you. The rust devil corrodes you!
The ynoxinul barely misses you.
You scratch the orc high priest but do no damage.
The orc high priest is moderately wounded.
The ufetubus hits you. The ufetubus closely misses you.
The ufetubus hits you. x3
The ufetubus completely misses you.
The orc high priest hits you with a +0 flail!
The rust devil closely misses you. The ynoxinul gestures at you.
The iron shot hits you!!
* * * LOW HITPOINT WARNING * * *
You mangle the orc high priest!!
The orc high priest is severely wounded.
The ufetubus hits you.
* * * LOW HITPOINT WARNING * * *
The ufetubus barely misses you. x2; The ufetubus hits you.
* * * LOW HITPOINT WARNING * * *
The ufetubus misses you. The ufetubus hits you.
* * * LOW HITPOINT WARNING * * *
The orc high priest hits you with a +0 flail.
You die...
Okawaru crowns the orc high priest victorious!

#########
##..▓▓▓..##
##.p▓▓.▓▓p.##
##.p▓▓...▓▓p.##
#.p▓▓.....▓▓p.#
#.▓▓.......▓▓.#
#.▓...5o....▓▓#
#▓...3@4...▓∩#
#.▓...55....▓▓#
#.▓▓.......▓▓.#
#.p▓▓.....▓▓p.#
##.p▓▓...▓▓p.##
##.p▓▓.▓▓p.##
##..▓▓▓..##
#########


You could see an orc high priest, a rust devil (summoned), a ynoxinul (summoned)
and 3 ufetubi.

Vanquished Creatures
  3 two-headed ogres
  2 orc high priests
  An orc sorcerer (Orc:2)
  Maurice (D:8)
  3 kobold demonologists (D:9)
  4 trolls
  Prince Ribbit (D:9)
  Sigmund (D:4)
  A shadow (D:10)
  14 yaks (D:9)
  5 humans (D:9)
  A steam dragon (D:10)
  A warg (Orc:2)
  A water moccasin (D:6)
  Menkaure (D:7)
  13 orc warriors
  2 sky beasts (D:7)
  A black bear (D:7)
  2 ogres (D:5)
  6 centaurs
  A phantom (D:5)
  A kobold brigand (D:7)
  Blork the orc (D:4)
  A necrophage (D:5)
  4 bullfrogs
  2 scorpions (D:5)
  6 wights (D:7)
  8 killer bees
  4 howler monkeys
  6 hounds
  A jelly (D:6)
  18 orc priests
  Jessica (D:3)
  2 iguanas
  17 orc wizards
  Ijyb (D:3)
  Natasha (thrice) (D:2)
  Robin (D:2)
  10 gnolls
  4 adders
  A shadow imp (D:6)
  A white imp (D:7)
  4 ufetubi
  2 dart slugs (D:1)
  52 orcs
  5 bats
  12 endoplasms
  6 hobgoblins
  6 jackals
  14 kobolds
  7 ball pythons
  3 frilled lizards (D:1)
  20 goblins
  3 rats
292 creatures vanquished.

Notes
Turn   | Place    | Note
-------+----------+-------------------------------------------
     0 | D:1      | freelancePsychic the Troll Wanderer began the quest for the
                  | Orb.
     0 | D:1      | freelancePsychic set off with the following items: a +2
                  | mace, a +0 spear, a wand of polymorph (7), a scroll of
                  | blinking, a +0 robe.
     0 | D:1      | Reached XP level 1. HP: 19/19 MP: 0/0
   117 | D:1      | Reached XP level 2. HP: 27/27 MP: 1/1
   179 | D:1      | Reached skill level 1 in Unarmed Combat
   310 | D:1      | You fall into a shaft and drop 1 floor!
   313 | D:2      | Noticed Natasha
   314 | D:2      | Reached skill level 1 in Throwing
   347 | D:3      | Noticed Ijyb
   365 | D:2      | Noticed a crimson imp
   371 | D:2      | Noticed a crimson imp
   376 | D:2      | Reached XP level 3. HP: 33/33 MP: 2/2
   379 | D:2      | Killed Natasha
   463 | D:2      | Noticed Natasha
   475 | D:2      | Killed Natasha
   476 | D:2      | Reached skill level 2 in Unarmed Combat
   476 | D:2      | Reached XP level 4. HP: 35/42 MP: 3/3
   516 | D:2      | Noticed Natasha
   528 | D:2      | Killed Natasha
   637 | D:2      | Found a shimmering altar of Xom.
   690 | D:2      | Noticed Robin
   999 | D:3      | Killed Ijyb
  1000 | D:3      | Reached XP level 5. HP: 42/50 MP: 4/4
  1095 | D:3      | Noticed Jessica
  1119 | D:3      | Killed Jessica
  1309 | D:3      | Found a runed translucent door.
  1310 | D:3      | Noticed Crazy Yiuf
  2107 | D:2      | Killed Robin
  2118 | D:2      | Reached skill level 3 in Unarmed Combat
  2159 | D:2      | Identified the +7 dagger "Ucluoxed" {vorpal, Will+}
  2355 | D:4      | Noticed Blork the orc
  2359 | D:4      | Killed Blork the orc
  2360 | D:4      | Reached XP level 6. HP: 61/61 MP: 5/5
  2450 | D:4      | Found a hide-covered altar of Uskayaw.
  2533 | D:4      | Noticed Sigmund
  2537 | D:4      | Killed Sigmund
  2750 | D:4      | Found a glowing golden altar of the Shining One.
  2750 | D:4      | Found a snail-covered altar of Cheibriados.
  2952 | D:4      | Reached skill level 4 in Unarmed Combat
  2991 | D:4      | Reached XP level 7. HP: 56/67 MP: 6/6
  3032 | D:4      | Found an iron altar of Okawaru.
  3045 | D:4      | Became a worshipper of Warmaster Okawaru
  3328 | D:5      | Entered Level 5 of the Dungeon
  3514 | D:5      | Reached skill level 1 in Invocations
  3684 | D:5      | Reached skill level 5 in Unarmed Combat
  3831 | D:5      | Reached * piety under Okawaru
  3886 | D:5      | Reached XP level 8. HP: 79/79 MP: 5/8
  4582 | D:6      | Reached skill level 5 in Fighting
  4582 | D:6      | Reached skill level 6 in Unarmed Combat
  4646 | D:6      | Found a staircase to the Ecumenical Temple.
  5179 | D:7      | Reached ** piety under Okawaru
  5346 | D:7      | Reached XP level 9. HP: 89/89 MP: 11/11
  5504 | D:7      | Noticed Menkaure
  5515 | D:7      | Killed Menkaure
  5516 | D:7      | Reached skill level 7 in Unarmed Combat
  5535 | D:7      | Reached skill level 5 in Invocations
  5677 | D:7      | Identified the ring of Ecwuffe {rN+ Int+3}
  5910 | D:7      | Reached *** piety under Okawaru
  6187 | D:8      | Noticed Maurice
  6203 | D:8      | Killed Maurice
  6260 | D:8      | Reached skill level 8 in Unarmed Combat
  7044 | D:9      | Reached XP level 10. HP: 87/102 MP: 13/13
  7053 | D:9      | Reached **** piety under Okawaru
  7090 | D:9      | Noticed a smoke demon
  7092 | D:9      | Noticed a sixfirhy
  7093 | D:9      | Noticed a soul eater
  7252 | D:9      | Reached skill level 9 in Unarmed Combat
  7257 | D:9      | HP: 4/102 [yak (2)]
  7263 | D:9      | Reached ***** piety under Okawaru
  7308 | D:9      | Noticed a soul eater
  7437 | D:9      | Noticed a two-headed ogre
  7604 | D:9      | Received a gift from Okawaru
  7743 | D:9      | Found Ra's Dragon-Slaying Spoils.
  7813 | D:9      | Reached skill level 5 in Throwing
  8027 | D:9      | Killed a two-headed ogre
  8028 | D:9      | Reached skill level 1 in Armour
  8028 | D:9      | Reached XP level 11. HP: 95/113 MP: 11/14
  8073 | D:9      | Noticed Prince Ribbit
  8080 | D:9      | Killed Prince Ribbit
  8105 | D:9      | Reached skill level 10 in Unarmed Combat
  8162 | D:9      | Found a shimmering blue altar of Sif Muna.
  8324 | D:10     | Entered Level 10 of the Dungeon
  8501 | D:10     | Found a hazy altar of Hepliaklqana.
  8557 | D:10     | Found a radiant altar of Vehumet.
  8593 | D:10     | Found a staircase to the Orcish Mines.
  8927 | D:10     | Received a gift from Okawaru
  9145 | D:10     | Found a sparkling altar of Nemelex Xobeh.
  9220 | Orc:1    | Entered Level 1 of the Orcish Mines
  9220 | Orc:1    | You fall into a shaft and drop 1 floor!
  9220 | Orc:2    | Entered Level 2 of the Orcish Mines
  9220 | Orc:2    | Found a staircase to the Elven Halls.
  9224 | Orc:2    | Noticed a two-headed ogre
  9288 | Orc:2    | Killed a two-headed ogre
  9353 | Orc:2    | Received a gift from Okawaru
  9377 | Orc:2    | Noticed a two-headed ogre
  9397 | Orc:2    | Killed a two-headed ogre
  9461 | Orc:2    | Noticed an orc sorcerer
  9465 | Orc:2    | Killed an orc sorcerer
  9466 | Orc:2    | Reached skill level 11 in Unarmed Combat
  9494 | Orc:2    | Noticed an orc high priest
  9496 | Orc:2    | Noticed an orc high priest
  9508 | Orc:2    | Noticed a soul eater
  9516 | Orc:2    | Noticed a sun demon
  9521 | Orc:2    | Killed an orc high priest
  9527 | Arena    | Entered the Arena
  9532 | Arena    | Killed an orc high priest
  9678 | Orc:2    | Noticed an orc high priest
  9684 | Arena    | Entered the Arena
  9691 | Arena    | HP: 4/115 [ufetubus[an orc high priest] (4)]
  9691 | Arena    | Slain by an orc high priest

Illustrated notes

Levels and vault maps discovered:
D:1:      dpeg_arrival_three_bigger_balls, layout_loops_ring,
          minmay_misc_feat_ornament
D:2:      layout_basic, basic_altar, uniq_robin, uniq_natasha
D:3:      layout_basic, uniq_jessica, uniq_crazy_yiuf_cottage, uniq_ijyb
D:4:      layout_loops_corners, mainiacjoe_overflow_six_doors_small,
          gammafunk_temple_overflow_pools, lemuel_tele_altar,
          uniq_blork_the_orc, uniq_sigmund
D:5:      layout_loops_ring
D:6:      layout_basic, temple_doors_e
D:7:      layout_basic, uniq_menkaure
D:8:      layout_basic, nicolae_titane, uniq_maurice
D:9:      layout_gridville, mainiacjoe_overflow_surrounded_room,
          nicolae_shop_dragon_depot, minmay_ruffians, uniq_prince_ribbit1
D:10:     layout_roguey, nemelex_diamond_rough_becter,
          mainiacjoe_overflow_catwalk, mainiacjoe_overflow_boulevard,
          david_orc_5
Orc:1:    layout_caves, nicolae_orc_pool_cavern, nicolae_orc_rockfall,
          uniq_nergalle
Orc:2:    st_orc_mages, layout_caves
Arena

Skill      XL: |  1  2  3  4  5  6  7  8  9 10 11 |
---------------+----------------------------------+-----
Unarmed Combat | 1 2 3 4 5 6 8 9 11 | 11.3
Throwing       | 1 2 3 5 6 |  6.3
Fighting       | 2 3 4 5 7 8 9 |  9.6
Invocations    | 2 4 6 |  6.0
Dodging        | 3 |  3.2
Armour         | 1 3 |  3.2
Maces & Flails | |  3.6
Polearms       | |  1.0
Evocations     | |  1.3

Action                   |  1- 3 |  4- 6 |  7- 9 | 10-12 || total
-------------------------+-------+-------+-------+-------++-------
Melee: Unarmed           |    58 |   169 |   299 |   346 ||   872
       Punch             |       |     2 |    18 |    31 ||    51
Throw: Dart              |     2 |       |    34 |    28 ||    64
       Stone             |       |       |     7 |       ||     7
       Throwing net      |       |       |     1 |       ||     1
       Boomerang         |       |       |       |    13 ||    13
       Javelin           |       |       |       |     1 ||     1
Invok: Heroism           |       |       |     5 |     9 ||    14
       Finesse           |       |       |       |     2 ||     2
       Duel              |       |       |       |     2 ||     2
Evoke: Wand              |       |     9 |    14 |     6 ||    29
  Use: Scroll            |     1 |     4 |     8 |     8 ||    21
       Potion            |       |     2 |     3 |     4 ||     9
 Stab: Sleeping          |       |     2 |     1 |     1 ||     4
Armor: Robe              |    17 |   105 |   132 |    93 ||   347
Dodge: Dodged            |    26 |    80 |   128 |   136 ||   370

Table legend: (Time is in decaauts)
 A = Elapsed time spent in this place.
 B = Non-inter-level travel time spent in this place.
 C = Inter-level travel time spent in this place.
 D = Time resting spent in this place.
 E = Time spent auto-exploring this place.
 F = Levels seen in this place.
 G = Mean time per level.
                   A        B        C        D        E       F      G
               +--------+--------+--------+--------+--------+-----+--------+
         Total |   9550 |   9076 |    474 |    466 |   6522 |  14 |  682.1 |
       Dungeon |   9154 |   8691 |    463 |    421 |   6453 |  10 |  915.4 |
  Orcish Mines |    367 |    356 |     11 |     27 |     69 |   2 |  183.5 |
         Arena |     29 |     29 |      0 |     18 |      0 |   2 |   14.5 |
               +--------+--------+--------+--------+--------+-----+--------+

Top non-repeatable levels by time:
     D:9: 1262 daAuts
     D:4: 1231 daAuts
     D:7: 1048 daAuts
     D:5: 920 daAuts
    D:10: 878 daAuts
     D:8: 844 daAuts
     D:1: 804 daAuts
     D:3: 762 daAuts
     D:6: 715 daAuts
     D:2: 685 daAuts
   Orc:2: 367 daAuts
   Arena: 29 daAuts
